 Dungeon Crawl Stone Soup version 0.19.5 (webtiles) character file.

10990 Jerry the Carver (level 12, -18/95 (97) HPs)
             Began as a Formicid Fighter on Apr 22, 2017.
             Was the Champion of Okawaru.
             Demolished by an ettin
             ... wielding a +0 dire flail
              (35 damage)
             ... on level 10 of the Dungeon.
             The game lasted 00:55:31 (13289 turns).

Jerry the Carver (Formicid Fighter)                Turns: 13289, Time: 00:55:32

HP:   -18/95 (97)   AC: 16    Str: 19    XL:     12   Next: 2%
MP:   15/15         EV:  6    Int: 13    God:    Okawaru [******]
Gold: 498           SH:  4    Dex: 10    Spells: 1 memorised, 9 levels left

rFire  . . .     SeeInvis +     V - +3 long sword (freeze)
rCold  . . .     Gourm    .     A - +0 plate armour
rNeg   + . .     Faith    .     g - +0 buckler
rPois  +         Spirit   .     (helmet unavailable)
rElec  .         Reflect  .     (no cloak)
rCorr  .         Harm     .     X - +0 pair of gloves
MR     +....                    (no boots)
Stlth  ..........               K - amulet "Ethivik" {RegenMP rPois Stlth+}
                                R - +3 ring of slaying
                                p - ring of positive energy

@: no status effects
A: permanent stasis, dig shafts and tunnels, four strong arms, antennae 3, weak
1
a: Dig, Shaft Self, Heroism, Finesse, Renounce Religion


You were on level 10 of the Dungeon.
You worshipped Okawaru.
Okawaru was exalted by your worship.
You were not hungry.

You visited 2 branches of the dungeon, and saw 11 of its levels.

You collected 564 gold pieces.
You spent 66 gold pieces at shops.

Inventory:

Hand Weapons
 j - a +1 short sword of electrocution
 S - a +2 shortbow of velocity
 V - a +3 long sword of freezing (weapon)
Missiles
 D - 6 needles of frenzy
 T - 124 arrows
Armour
 b - a +0 scale mail
 c - a +0 shield
 g - a +0 buckler (worn)
 v - a +1 ring mail of cold resistance
 A - a +0 plate armour (worn)
 X - a +0 pair of gloves (worn)
Rods
 B - a +1 iron rod (14/14)
   (You found it on level 9 of the Dungeon)
 U - a +2 rod of clouds (14/14)
   (You found it on level 8 of the Dungeon)
Jewellery
 p - a ring of positive energy (left hand)
 E - an uncursed ring of ice
 K - the amulet "Ethivik" (around neck) {RegenMP rPois Stlth+}
   (You found it on level 5 of the Dungeon)

   [amulet of magic regeneration]

   It increases your magic regeneration.
   It protects you from poison.
   It makes you more stealthy.
 R - a +3 ring of slaying (right hand)
Wands
 a - a wand of paralysis (4/24)
 r - a wand of flame (11/48)
 t - a wand of flame (30/48)
 N - a wand of acid (6/15)
Scrolls
 e - 6 scrolls of identify
 k - 6 scrolls of remove curse
 l - 7 scrolls of recharging {unknown}
 m - 3 scrolls of fog {unknown}
 o - 4 scrolls of enchant armour {unknown}
 s - 2 scrolls of enchant weapon {unknown}
 w - 4 scrolls of magic mapping {unknown}
 y - a scroll of immolation {unknown}
 F - 3 scrolls of teleportation {unknown}
 O - 2 scrolls of fear {unknown}
 W - a scroll of noise {unknown}
 Y - a scroll of random uselessness {unknown}
Potions
 i - 8 potions of curing
 z - a potion of invisibility
 C - 2 potions of heal wounds
 G - a potion of flight
 I - 2 potions of degeneration {unknown}
 L - a potion of ambrosia {unknown}
 M - a potion of lignification {unknown}
 Q - a potion of resistance (quivered) {unknown}
 Z - a potion of brilliance {unknown}
Books
 d - a book of Enchantments

   Spells                             Type                      Level
   a - Cause Fear                     Hexes                        4
   b - Yara's Violent Unravelling     Hexes/Transmutation          5
   c - Silence                        Hexes/Air                    5
   d - Deflect Missiles               Charms/Air                   6
   e - Discord                        Hexes                        8
 n - a book of Power

   Spells                             Type                      Level
   a - Fulminant Prism                Conjuration/Hexes            4
   b - Iskenderun's Mystic Blast      Conjuration                  4
   c - Venom Bolt                     Conjuration/Poison           5
   d - Bolt of Magma                  Conjuration/Fire/Earth       5
   e - Iron Shot                      Conjuration/Earth            6
   f - Orb of Destruction             Conjuration                  7
   g - Spellforged Servitor           Conjuration/Summoning        7
 x - a book of Misfortune

   Spells                             Type                      Level
   a - Confusing Touch                Hexes                        1
   b - Confuse                        Hexes                        3
   c - Gell's Gravitas                Hexes/Translocation          3
   d - Petrify                        Transmutation/Earth          4
   e - Metabolic Englaciation         Hexes/Ice                    5
   f - Yara's Violent Unravelling     Hexes/Transmutation          5
 J - a book of Minor Magic

   Spells                             Type                      Level
   a - Magic Dart                     Conjuration                  1
   b - Blink                          Translocation                2
   c - Call Imp                       Summoning                    2
   d - Repel Missiles                 Charms/Air                   2
   e - Slow                           Hexes                        2
   f - Conjure Flame                  Conjuration/Fire             3
   g - Mephitic Cloud                 Conjuration/Poison/Air       3
Comestibles
 f - 7 bread rations
 h - 6 meat rations
 q - 7 fruits
 u - 3 royal jellies
 H - 6 chunks of flesh
 P - 7 beef jerkies


   Skills:
 + Level 10.1 Fighting
 * Level 12.5 Long Blades
 + Level 10.3 Armour
 - Level 4.1 Shields
 - Level 4.3 Invocations


You had 9 spell levels left.
You knew the following spells:

 Your Spells              Type           Power        Failure   Level  Hunger
a - Repel Missiles        Chrm/Air       #.....       100%        2    ###....


Dungeon Overview and Level Annotations

Branches:
Dungeon (10/15)            Temple (1/1) D:4            Lair (0/6) D:9
    Orc (0/2) D:9

Altars:
Ashenzari
Cheibriados
Dithmenos
Elyvilon
Fedhas
Gozag
Hepliaklqana
Kikubaaqudgha
Makhleb
Nemelex Xobeh
Okawaru
Qazlal
Ru
Sif Muna
Trog
Uskayaw
Vehumet
Xom
Yredelemnul
Zin
The Shining One

Shops:
D:2 *   D:10 *


Innate Abilities, Weirdness & Mutations

You are under a permanent stasis effect.
You can dig through walls and to a lower floor.
Your four strong arms can wield two-handed weapons with a shield.
You have a pair of large antennae on your head. (SInv)
You are weak. (Str -2)


Message History

Evoking this partially-identified wand wasted a few charges.
You slash the ettin! You freeze the ettin.
The ettin is moderately wounded.
The ettin hits you with a dire flail. The ettin hits you with a dire flail!!
You hit the ettin. You freeze the ettin.
The ettin is heavily wounded.
The ettin barely misses you.
You riposte.
You hit the ettin but do no damage.
The ettin is moderately wounded.
The ettin hits you with a dire flail.
You hit the ettin but do no damage.
The ettin is moderately wounded.
You slash the ettin! You freeze the ettin.
The ettin is severely wounded.
The ettin hits you with a dire flail!! The ettin hits you but does no damage.
You slash the ettin! You freeze the ettin.
The ettin is almost dead.
The ettin hits you with a dire flail!!
* * * LOW HITPOINT WARNING * * *
The ettin hits you with a dire flail!!
You die...

.########.#.#.#.#.#....#
.......................########
........#.#.#.#.#.#...........###
..........{......................
#####...#.#.#.#.#.#..............
#...#################..###'#.
#...#...............#..#...#.
#...#...............#..#...#.
#...#......C@.......#..#...#.
#...#....##+#####...#..#####.
#...#....# #...#........ ###..#
#...#........ #.(# #...#...÷....
#.(########...#........
#............∩[........
#........÷....#........
#..........####........


You could see an ettin.

Vanquished Creatures
  A centaur warrior (D:8)
  The ghost of Peloso the Carver, a novice MiFi of Okawaru (D:10)
  A hill giant (D:10)
  Psyche (D:8)
  The ghost of Sneal the Cudgeler, a novice GrFi of Hepliaklqana (D:5)
  A two-headed ogre (D:10)
  3 trolls
  A hornet (D:8)
  2 hippogriffs
  6 yaks (D:9)
  2 hungry ghosts (D:8)
  A basilisk (D:9)
  A water moccasin (D:9)
  3 black bears (D:8)
  4 orc warriors
  3 sky beasts
  2 ice beasts
  3 phantoms
  4 necrophages
  6 centaurs
  9 ogres
  3 crocodiles (D:9)
  A big kobold (D:9)
  3 wyvern zombies
  8 bullfrogs
  A water moccasin zombie (D:7)
  A wyvern skeleton (D:10)
  3 wights (D:8)
  2 howler monkeys
  4 crimson imps
  A jelly (D:8)
  A quasit (D:8)
  5 hounds
  4 centaur zombies
  An orc priest (D:6)
  3 bullfrog zombies
  A centaur skeleton (D:8)
  8 orc wizards
  A bullfrog skeleton (D:10)
  Ijyb (D:1)
  4 iguanas
  10 worker ants
  Natasha (thrice) (D:2)
  2 hound zombies
  A hound skeleton (D:4)
  Robin (D:1)
  A howler monkey zombie (D:8)
  14 gnolls
  13 adders
  A river rat (D:9)
  A shadow imp (D:8)
  2 oozes
  2 adder zombies
  An adder skeleton (D:6)
  2 worms
  6 dart slugs
  6 leopard geckos
  29 orcs
  5 giant cockroaches
  6 hobgoblins
  12 jackals
  6 quokkas
  A ball python skeleton (D:4)
  13 bats
  6 frilled lizards
  A giant cockroach zombie (D:5)
  16 goblins
  A jackal zombie (D:5)
  12 kobolds
  19 rats
  2 bushes (D:6)
307 creatures vanquished.

Vanquished Creatures (others)
  A fungus (D:9)
  3 plants (D:6)
4 creatures vanquished.

Grand Total: 311 creatures vanquished

Notes
Turn   | Place    | Note
-------+----------+-------------------------------------------
     0 | D:1      | Jerry the Formicid Fighter began the quest for the Orb.
     0 | D:1      | Reached XP level 1. HP: 18/18 MP: 1/1
   310 | D:1      | Reached XP level 2. HP: 23/24 MP: 2/2
   503 | D:1      | Reached XP level 3. HP: 25/29 MP: 3/3
   863 | D:2      | Noticed Ijyb
   882 | D:1      | Killed Ijyb
   882 | D:1      | Reached skill level 3 in Long Blades
   882 | D:1      | Reached XP level 4. HP: 35/36 MP: 4/4
   891 | D:2      | Noticed Robin
  1050 | D:1      | Killed Robin
  1205 | D:2      | Found a shattered altar of Ashenzari.
  1337 | D:2      | Reached XP level 5. HP: 42/42 MP: 5/5
  1351 | D:2      | Noticed Natasha
  1354 | D:2      | Killed Natasha
  1452 | D:2      | Noticed Natasha
  1457 | D:2      | Killed Natasha
  1457 | D:2      | Reached skill level 4 in Long Blades
  1670 | D:2      | Found an opulent altar of Gozag.
  1672 | D:2      | Found Gozag's Platinum Reserve.
  1864 | D:2      | Noticed Natasha
  1873 | D:2      | Killed Natasha
  1873 | D:2      | Reached XP level 6. HP: 26/48 MP: 6/6
  2350 | D:3      | Found a hide-covered altar of Uskayaw.
  3277 | D:4      | Noticed an orc warrior
  3292 | D:4      | Killed an orc warrior
  3292 | D:4      | Reached skill level 5 in Fighting
  3292 | D:4      | Reached skill level 5 in Long Blades
  3292 | D:4      | Reached skill level 5 in Armour
  3292 | D:4      | Reached XP level 7. HP: 28/56 MP: 7/7
  3659 | D:4      | Found a staircase to the Ecumenical Temple.
  3734 | Temple   | Entered the Ecumenical Temple
  3920 | D:4      | Found an iron altar of Okawaru.
  4018 | D:4      | Became a worshipper of Warmaster Okawaru
  4310 | D:5      | Entered Level 5 of the Dungeon
  4334 | D:5      | Found an ancient bone altar of Kikubaaqudgha.
  4443 | D:5      | Reached XP level 8. HP: 63/63 MP: 8/8
  4514 | D:5      | Learned a level 2 spell: Repel Missiles
  4526 | D:5      | Reached skill level 6 in Long Blades
  4542 | D:5      | Got a scorched pewter amulet
  4543 | D:5      | Identified the amulet "Ethivik" {RegenMP rPois Stlth+} (You found it on level 5 of the Dungeon)
  4651 | D:5      | Reached skill level 1 in Invocations
  5041 | D:5      | Reached * piety under Okawaru
  5336 | D:6      | Reached skill level 7 in Long Blades
  5983 | D:5      | Noticed Sneal's ghost (novice GrFi)
  5994 | D:5      | Killed Sneal's ghost
  5994 | D:5      | Reached ** piety under Okawaru
  5994 | D:5      | Reached XP level 9. HP: 70/70 MP: 11/11
  6449 | D:6      | Reached skill level 8 in Long Blades
  6549 | D:6      | Found a blossoming altar of Fedhas.
  7066 | D:7      | Reached *** piety under Okawaru
  7733 | D:7      | Reached skill level 9 in Long Blades
  7733 | D:7      | Reached XP level 10. HP: 66/78 MP: 13/13
  8494 | D:8      | Noticed Psyche
  8504 | D:8      | Killed Psyche
  8689 | D:8      | Identified a +2 rod of clouds (14/14) (You found it on level 8 of the Dungeon)
  8806 | D:8      | Noticed a centaur warrior
  8819 | D:8      | Killed a centaur warrior
  8819 | D:8      | Reached **** piety under Okawaru
  8819 | D:8      | Reached skill level 10 in Long Blades
  9267 | D:8      | Reached ***** piety under Okawaru
  9559 | D:8      | Reached XP level 11. HP: 61/85 MP: 10/14
 10051 | D:8      | Found a burning altar of Makhleb.
 10149 | D:8      | Reached skill level 11 in Long Blades
 10693 | D:9      | Found a staircase to the Orcish Mines.
 11097 | D:9      | Found a staircase to the Lair.
 11242 | D:9      | Received a gift from Okawaru
 12129 | D:10     | Entered Level 10 of the Dungeon
 12172 | D:10     | Gained mutation: You are weak. (Str -2) [mutagenic meat]
 12182 | D:10     | Reached skill level 12 in Long Blades
 12295 | D:10     | Reached skill level 10 in Armour
 12349 | D:10     | Noticed Peloso's ghost (novice MiFi)
 12380 | D:10     | Killed Peloso's ghost
 12838 | D:10     | Noticed a hill giant
 12853 | D:10     | Killed a hill giant
 12853 | D:10     | Reached ****** piety under Okawaru
 12853 | D:10     | Received a gift from Okawaru
 12853 | D:10     | Reached skill level 10 in Fighting
 12947 | D:10     | Found Naka Fosm's Assorted Antiques.
 13161 | D:10     | Reached XP level 12. HP: 73/95 MP: 15/15
 13166 | D:10     | Bought a scroll labeled NIOLUA OCUEGH for 35 gold pieces
 13166 | D:10     | Bought a black potion for 31 gold pieces
 13273 | D:10     | Noticed an ettin
 13289 | D:10     | Demolished by an ettin

Skill      XL: |  1  2  3  4  5  6  7  8  9 10 11 |
---------------+----------------------------------+-----
Shields        | 4 |  4.1
Long Blades    | 3 4 5 7 9 10 12 | 12.5
Armour         | 4 5 6 7 9 10 | 10.3
Fighting       | 4 5 6 7 8 10 | 10.1
Invocations    | 3 4 |  4.3

Action                   |  1- 3 |  4- 6 |  7- 9 | 10-12 || total
-------------------------+-------+-------+-------+-------++-------
Melee: Short sword       |    41 |   194 |   374 |   281 ||   890
       Long sword        |     6 |       |       |   234 ||   240
 Fire: Shortbow          |       |       |       |    14 ||    14
Throw: Stone             |       |       |    20 |       ||    20
 Cast: Repel Missiles    |       |       |     1 |     1 ||     2
 Abil: Dig               |       |       |     2 |     2 ||     4
Evoke: Rod               |       |       |       |     7 ||     7
       Wand              |       |       |       |     2 ||     2
  Use: Scroll            |       |       |     4 |     7 ||    11
       Potion            |       |       |     1 |     4 ||     5
 Stab: Invisible         |       |       |       |     1 ||     1
  Eat: Chunk             |       |     8 |    14 |    27 ||    49
       Pizza             |       |       |       |     1 ||     1
Armor: Scale mail        |    18 |    37 |       |       ||    55
       Ring mail         |       |    26 |    72 |    77 ||   175
       Plate armour      |       |       |       |    68 ||    68
Dodge: Dodged            |    28 |    88 |   129 |   142 ||   387
       Deflected         |       |       |     3 |     3 ||     6
Block: Buckler           |     6 |    48 |    54 |    64 ||   172
       Rpst.: Long sword |     3 |       |       |    16 ||    19
